Map: Croisement de Kairos EC

Players

Tyler

  • Race: Terran Terran
  • Spawn Location: 11:00

IA (très facile)

  • Race: Terran Terran
  • Spawn Location: 5:00

VOD

Have the link to the VOD?

Description

Time

  • Played on: April 1, 2019, 4:32 p.m.
  • Length: 34:51
Show
View Real Time Build Order
Export as new Build Order

Tyler Terran 

Build Orders: Banshee Rush 

Get SALT Encoding   

    0:28  Orbital Command  
    0:41  SCV x12  
    0:55  SCV  
  13  1:07  SCV  
  14  1:13  Supply Depot  
  14  1:19  SCV  
  15  1:35  SCV, Barracks  
  16  1:41  Refinery  
  17  1:47  SCV  
  17  1:54  Protoss Air Armor Level 3, Protoss Ground Weapons Level 3, Zerg Missile Weapons Level 3, Terran Infantry Armor Level 3, Protoss Shields Level 3, Terran Ship Armor Level 3, Terran Vehicle Weapons Level 3, Protoss Air Weapons Level 3, Protoss Ground Armor Level 3, Zerg Flyer Armor Level 3, Zerg Flyer Weapons Level 3, Zerg Ground Armor Level 3, Terran Ship Weapons Level 3, Terran Vehicle Armor Level 3, Zerg Melee Weapons Level 3, Terran Infantry Weapons Level 3  
  17  1:59  SCV, Barracks  
  18  2:11  SCV  
  18  2:15  Protoss Shields Level 2, Protoss Ground Weapons Level 2, Zerg Melee Weapons Level 2, Zerg Flyer Weapons Level 2, Terran Ship Weapons Level 2, Zerg Missile Weapons Level 2, Protoss Air Weapons Level 2, Protoss Ground Armor Level 2, Terran Vehicle Armor Level 2, Protoss Air Armor Level 2, Terran Ship Armor Level 2, Terran Infantry Weapons Level 2, Terran Vehicle Weapons Level 2, Zerg Ground Armor Level 2, Zerg Flyer Armor Level 2, Terran Infantry Armor Level 2  
  19  2:26  Orbital Command  
  19  2:28  Refinery  
  20  2:30  Blink, Stimpack  
  20  2:35  Barracks Reactor  
  19  2:37  Zerg Flyer Weapons Level 1, Zerg Missile Weapons Level 1, Protoss Ground Weapons Level 1, Protoss Air Weapons Level 1, Terran Infantry Armor Level 1, Terran Ship Armor Level 1, Zerg Flyer Armor Level 1, Zerg Melee Weapons Level 1, Protoss Air Armor Level 1, Zerg Ground Armor Level 1, Terran Infantry Weapons Level 1, Terran Vehicle Weapons Level 1, Protoss Ground Armor Level 1, Terran Vehicle Armor Level 1, Protoss Shields Level 1, Terran Ship Weapons Level 1  
  19  2:51  Charge, Weapon Refit, Extended Thermal Lance, Resonating Glaives, Supply Depot, Neosteel Armor, Warp Gate  
  19  2:56  SCV  
  19  2:58  Adrenal Glands, Ventral Sacs  
  20  3:04  Enduring Locusts  
  20  3:05  Personal Cloaking  
  20  3:08  Barracks Tech Lab, SCV  
  20  3:12  Neural Parasite, Combat Shield, Corvid Reactor, Psionic Storm, Chitinous Plating, Tunneling Claws, Metabolic Boost, Neosteel Frame, Centrifical Hooks, Durable Materials, Glial Reconstitution, Cloaking Field, Infernal Pre-Igniter, Marine x2  
  23  3:20  Burrow, Muscular Augments x2  
  23  3:23  Factory  
  23  3:34  Gravitic Drive, Hi-Sec Auto Tracking, Behemoth Reactor, Pathogen Glands, Gravitic Boosters, Caduceus Reactor, Graviton Catapult, Moebius Reactor  
  23  3:44  SCV  
  23  3:48  Pneumatized Carapace, Concussive Shells  
  24  3:56  SCV  
  25  4:08  SCV  
  26  4:20  Orbital Command  
  26  4:31  Unknown x5  
  26  4:33  SCV x12  
  12  4:46  SCV  
  13  4:58  SCV  
  14  5:02  Supply Depot  
  14  5:10  SCV  
  15  5:24  SCV  
  15  5:26  Barracks  
  16  5:31  Refinery  
  16  5:36  SCV  
  17  5:47  Barracks  
  17  5:50  SCV  
  18  6:02  SCV  
  19  6:16  Orbital Command  
  19  6:18  Barracks Reactor  
  19  6:22  Refinery  
  19  6:36  Marine  
  19  6:39  Supply Depot  
  20  6:50  Factory  
  20  6:56  Barracks Tech Lab  
  20  7:00  Marine x2  
  22  7:02  SCV  
  23  7:17  Supply Depot, SCV  
  23  7:20  Marine x2  
  26  7:28  Combat Shield  
  26  7:29  SCV  
  27  7:46  SCV  
  27  7:48  Protoss Air Armor Level 3, Protoss Ground Weapons Level 3, Zerg Missile Weapons Level 3, Terran Infantry Armor Level 3, Protoss Shields Level 3, Terran Ship Armor Level 3, Terran Vehicle Weapons Level 3, Protoss Air Weapons Level 3, Protoss Ground Armor Level 3, Zerg Flyer Armor Level 3, Zerg Flyer Weapons Level 3, Zerg Ground Armor Level 3, Terran Ship Weapons Level 3, Terran Vehicle Armor Level 3, Zerg Melee Weapons Level 3, Terran Infantry Weapons Level 3  
  27  7:51  Starport  
  28  8:02  Hellion x2  
  32  8:09  Protoss Shields Level 2, Protoss Ground Weapons Level 2, Zerg Melee Weapons Level 2, Zerg Flyer Weapons Level 2, Terran Ship Weapons Level 2, Zerg Missile Weapons Level 2, Protoss Air Weapons Level 2, Protoss Ground Armor Level 2, Terran Vehicle Armor Level 2, Protoss Air Armor Level 2, Terran Ship Armor Level 2, Terran Infantry Weapons Level 2, Terran Vehicle Weapons Level 2, Zerg Ground Armor Level 2, Zerg Flyer Armor Level 2, Terran Infantry Armor Level 2  
  32  8:23  Hellion x2, Armory  
  32  8:24  Blink, Stimpack  
  36  8:27  Medivac  
  36  8:31  Zerg Flyer Weapons Level 1, Zerg Missile Weapons Level 1, Protoss Ground Weapons Level 1, Protoss Air Weapons Level 1, Terran Infantry Armor Level 1, Terran Ship Armor Level 1, Zerg Flyer Armor Level 1, Zerg Melee Weapons Level 1, Protoss Air Armor Level 1, Zerg Ground Armor Level 1, Terran Infantry Weapons Level 1, Terran Vehicle Weapons Level 1, Protoss Ground Armor Level 1, Terran Vehicle Armor Level 1, Protoss Shields Level 1, Terran Ship Weapons Level 1  
  38  8:45  Charge, Weapon Refit, Extended Thermal Lance, Resonating Glaives, Neosteel Armor, Warp Gate  
  38  8:52  Adrenal Glands, Hellion x2, Ventral Sacs  
  42  8:58  Supply Depot, Enduring Locusts  
  42  8:59  Personal Cloaking  
  42  9:06  Neural Parasite, Combat Shield, Corvid Reactor, Psionic Storm, Chitinous Plating, Tunneling Claws, Metabolic Boost, Neosteel Frame, Centrifical Hooks, Durable Materials, Glial Reconstitution, Cloaking Field, Infernal Pre-Igniter  
  42  9:14  Burrow, Muscular Augments x2  
  42  9:16  Hellion x2  
  46  9:28  Gravitic Drive, Hi-Sec Auto Tracking, Behemoth Reactor, Pathogen Glands, Command Center, Gravitic Boosters, Caduceus Reactor, Graviton Catapult, Moebius Reactor  
  44  9:42  Pneumatized Carapace, Concussive Shells  
  42  10:25  Unknown x5  
    10:35  Protoss Air Armor Level 3, Protoss Ground Weapons Level 3, Zerg Missile Weapons Level 3, Terran Infantry Armor Level 3, Protoss Shields Level 3, Terran Ship Armor Level 3, Terran Vehicle Weapons Level 3, Protoss Air Weapons Level 3, Protoss Ground Armor Level 3, Zerg Flyer Armor Level 3, Zerg Flyer Weapons Level 3, Zerg Ground Armor Level 3, Terran Ship Weapons Level 3, Terran Vehicle Armor Level 3, Zerg Melee Weapons Level 3, Terran Infantry Weapons Level 3  
    10:56  Protoss Shields Level 2, Protoss Ground Weapons Level 2, Zerg Melee Weapons Level 2, Zerg Flyer Weapons Level 2, Terran Ship Weapons Level 2, Zerg Missile Weapons Level 2, Protoss Air Weapons Level 2, Protoss Ground Armor Level 2, Terran Vehicle Armor Level 2, Protoss Air Armor Level 2, Terran Ship Armor Level 2, Terran Infantry Weapons Level 2, Terran Vehicle Weapons Level 2, Zerg Ground Armor Level 2, Zerg Flyer Armor Level 2, Terran Infantry Armor Level 2  
    11:11  Blink, Stimpack  
    11:18  Zerg Flyer Weapons Level 1, Zerg Missile Weapons Level 1, Protoss Ground Weapons Level 1, Protoss Air Weapons Level 1, Terran Infantry Armor Level 1, Terran Ship Armor Level 1, Zerg Flyer Armor Level 1, Zerg Melee Weapons Level 1, Protoss Air Armor Level 1, Zerg Ground Armor Level 1, Terran Infantry Weapons Level 1, Terran Vehicle Weapons Level 1, Protoss Ground Armor Level 1, Terran Vehicle Armor Level 1, Protoss Shields Level 1, Terran Ship Weapons Level 1  
    11:24  SCV x12  
    11:32  Charge, Weapon Refit, Extended Thermal Lance, Resonating Glaives, Neosteel Armor, Warp Gate  
    11:36  Unknown  
    11:38  SCV  
    11:39  Adrenal Glands, Ventral Sacs  
  13  11:45  Enduring Locusts  
  13  11:46  Personal Cloaking  
  13  11:50  SCV  
  13  11:53  Neural Parasite, Combat Shield, Corvid Reactor, Psionic Storm, Chitinous Plating, Tunneling Claws, Metabolic Boost, Neosteel Frame, Centrifical Hooks, Durable Materials, Glial Reconstitution, Cloaking Field, Infernal Pre-Igniter  
  14  11:54  Supply Depot  
  14  12:01  Burrow, Muscular Augments x2  
  14  12:02  SCV  
  15  12:15  Gravitic Drive, Hi-Sec Auto Tracking, Behemoth Reactor, Pathogen Glands, Gravitic Boosters, Caduceus Reactor, Graviton Catapult, Moebius Reactor  
  15  12:16  Barracks  
  15  12:17  SCV  
  16  12:22  Refinery  
  16  12:29  Pneumatized Carapace, Concussive Shells, SCV  
  17  12:39  Barracks  
  17  12:42  SCV  
  18  12:54  SCV  
  19  13:01  Orbital Command  
  19  13:12  Unknown x5  
  19  13:14  SCV x12  
  12  13:27  SCV  
  13  13:39  SCV  
  14  13:43  Supply Depot  
  14  13:51  SCV  
  15  14:05  SCV  
  15  14:07  Barracks  
  16  14:12  Refinery  
  16  14:17  SCV  
  17  14:27  Barracks  
  17  14:30  SCV  
  18  14:44  SCV  
  19  14:57  Orbital Command  
  19  14:58  Protoss Air Armor Level 3, Protoss Ground Weapons Level 3, Zerg Missile Weapons Level 3, Terran Infantry Armor Level 3, Protoss Shields Level 3, Terran Ship Armor Level 3, Terran Vehicle Weapons Level 3, Protoss Air Weapons Level 3, Protoss Ground Armor Level 3, Zerg Flyer Armor Level 3, Zerg Flyer Weapons Level 3, Zerg Ground Armor Level 3, Terran Ship Weapons Level 3, Terran Vehicle Armor Level 3, Zerg Melee Weapons Level 3, Terran Infantry Weapons Level 3  
  19  15:01  Refinery  
  19  15:06  Barracks Reactor  
  19  15:17  Marine  
  19  15:19  Protoss Shields Level 2, Protoss Ground Weapons Level 2, Zerg Melee Weapons Level 2, Zerg Flyer Weapons Level 2, Terran Ship Weapons Level 2, Zerg Missile Weapons Level 2, Protoss Air Weapons Level 2, Protoss Ground Armor Level 2, Terran Vehicle Armor Level 2, Protoss Air Armor Level 2, Terran Ship Armor Level 2, Terran Infantry Weapons Level 2, Terran Vehicle Weapons Level 2, Zerg Ground Armor Level 2, Zerg Flyer Armor Level 2, Terran Infantry Armor Level 2  
  20  15:26  SCV  
  21  15:32  Supply Depot  
  21  15:34  Blink, Stimpack  
  21  15:39  Factory  
  21  15:40  Barracks Tech Lab  
  21  15:41  Zerg Flyer Weapons Level 1, Zerg Missile Weapons Level 1, Protoss Ground Weapons Level 1, Protoss Air Weapons Level 1, Terran Infantry Armor Level 1, Terran Ship Armor Level 1, Zerg Flyer Armor Level 1, Zerg Melee Weapons Level 1, Protoss Air Armor Level 1, Zerg Ground Armor Level 1, Terran Infantry Weapons Level 1, Terran Vehicle Weapons Level 1, Protoss Ground Armor Level 1, Terran Vehicle Armor Level 1, Protoss Shields Level 1, Terran Ship Weapons Level 1  
  21  15:43  Marine x2  
  23  15:55  Charge, Weapon Refit, Extended Thermal Lance, Resonating Glaives, Neosteel Armor, Warp Gate  
  23  15:56  Supply Depot  
  23  15:57  SCV  
  23  16:02  Adrenal Glands, Combat Shield, Ventral Sacs  
  24  16:04  Marine  
  24  16:08  Enduring Locusts  
  24  16:09  SCV, Personal Cloaking  
  26  16:16  Neural Parasite, Combat Shield, Corvid Reactor, Psionic Storm, Chitinous Plating, Tunneling Claws, Metabolic Boost, Neosteel Frame, Centrifical Hooks, Durable Materials, Glial Reconstitution, Cloaking Field, Infernal Pre-Igniter  
  26  16:21  SCV  
  26  16:22  Marine  
  26  16:24  Burrow, Muscular Augments x2  
  26  16:25  Starport  
  28  16:38  Gravitic Drive, Hi-Sec Auto Tracking, Behemoth Reactor, Pathogen Glands, Gravitic Boosters, Caduceus Reactor, Graviton Catapult, Moebius Reactor  
  28  16:40  SCV  
  28  16:45  Hellion x2  
  33  16:52  Pneumatized Carapace, Concussive Shells  
  33  16:54  Marine  
  33  16:57  Marine  
  35  17:02  Medivac  
  35  17:06  Hellion  
  39  17:08  Protoss Air Armor Level 3, Protoss Ground Weapons Level 3, Zerg Missile Weapons Level 3, Terran Infantry Armor Level 3, Protoss Shields Level 3, Terran Ship Armor Level 3, Terran Vehicle Weapons Level 3, Protoss Air Weapons Level 3, Protoss Ground Armor Level 3, Zerg Flyer Armor Level 3, Zerg Flyer Weapons Level 3, Zerg Ground Armor Level 3, Terran Ship Weapons Level 3, Terran Vehicle Armor Level 3, Zerg Melee Weapons Level 3, Terran Infantry Weapons Level 3  
  39  17:10  Armory  
  39  17:23  Supply Depot  
  39  17:29  Protoss Shields Level 2, Protoss Ground Weapons Level 2, Zerg Melee Weapons Level 2, Zerg Flyer Weapons Level 2, Terran Ship Weapons Level 2, Zerg Missile Weapons Level 2, Protoss Air Weapons Level 2, Protoss Ground Armor Level 2, Terran Vehicle Armor Level 2, Protoss Air Armor Level 2, Terran Ship Armor Level 2, Terran Infantry Weapons Level 2, Terran Vehicle Weapons Level 2, Zerg Ground Armor Level 2, Zerg Flyer Armor Level 2, Terran Infantry Armor Level 2  
  39  17:35  Unknown x5  
    17:44  Blink, Stimpack  
    17:51  Zerg Flyer Weapons Level 1, Zerg Missile Weapons Level 1, Protoss Ground Weapons Level 1, Protoss Air Weapons Level 1, Terran Infantry Armor Level 1, Terran Ship Armor Level 1, Zerg Flyer Armor Level 1, Zerg Melee Weapons Level 1, Protoss Air Armor Level 1, Zerg Ground Armor Level 1, Terran Infantry Weapons Level 1, Terran Vehicle Weapons Level 1, Protoss Ground Armor Level 1, Terran Vehicle Armor Level 1, Protoss Shields Level 1, Terran Ship Weapons Level 1  
    17:56  SCV x12  
  153  18:05  Charge, Weapon Refit, Extended Thermal Lance, Resonating Glaives, Neosteel Armor, Warp Gate  
    18:08  Unknown  
    18:11  SCV  
    18:12  Adrenal Glands, Ventral Sacs  
  13  18:18  Enduring Locusts  
  13  18:19  Personal Cloaking  
  13  18:23  SCV  
  13  18:26  Neural Parasite, Combat Shield, Corvid Reactor, Psionic Storm, Chitinous Plating, Tunneling Claws, Metabolic Boost, Neosteel Frame, Centrifical Hooks, Durable Materials, Glial Reconstitution, Cloaking Field, Infernal Pre-Igniter  
  13  18:27  Supply Depot  
  14  18:34  Burrow, Muscular Augments x2  
  14  18:35  SCV  
  16  18:48  Gravitic Drive, Hi-Sec Auto Tracking, Behemoth Reactor, Pathogen Glands, SCV, Gravitic Boosters, Caduceus Reactor, Graviton Catapult, Moebius Reactor  
  16  18:49  Barracks  
  16  18:54  Refinery  
  16  18:55  Protoss Air Armor Level 3, Protoss Ground Weapons Level 3, Zerg Missile Weapons Level 3, Terran Infantry Armor Level 3, Protoss Shields Level 3, Terran Ship Armor Level 3, Terran Vehicle Weapons Level 3, Protoss Air Weapons Level 3, Protoss Ground Armor Level 3, Zerg Flyer Armor Level 3, Zerg Flyer Weapons Level 3, Zerg Ground Armor Level 3, Terran Ship Weapons Level 3, Terran Vehicle Armor Level 3, Zerg Melee Weapons Level 3, Terran Infantry Weapons Level 3  
  16  19:00  SCV  
  16  19:02  Pneumatized Carapace, Concussive Shells  
  17  19:12  SCV  
  17  19:16  Protoss Shields Level 2, Protoss Ground Weapons Level 2, Zerg Melee Weapons Level 2, Zerg Flyer Weapons Level 2, Terran Ship Weapons Level 2, Zerg Missile Weapons Level 2, Protoss Air Weapons Level 2, Protoss Ground Armor Level 2, Terran Vehicle Armor Level 2, Protoss Air Armor Level 2, Terran Ship Armor Level 2, Terran Infantry Weapons Level 2, Terran Vehicle Weapons Level 2, Zerg Ground Armor Level 2, Zerg Flyer Armor Level 2, Terran Infantry Armor Level 2  
  18  19:18  Barracks  
  18  19:24  SCV  
  19  19:31  Blink, Stimpack  
  19  19:36  Protoss Air Armor Level 3, Protoss Ground Weapons Level 3, Zerg Missile Weapons Level 3, Terran Infantry Armor Level 3, Protoss Shields Level 3, Terran Ship Armor Level 3, Terran Vehicle Weapons Level 3, Protoss Air Weapons Level 3, Protoss Ground Armor Level 3, Zerg Flyer Armor Level 3, Zerg Flyer Weapons Level 3, Zerg Ground Armor Level 3, Terran Ship Weapons Level 3, Terran Vehicle Armor Level 3, Zerg Melee Weapons Level 3, Terran Infantry Weapons Level 3  
  19  19:38  Zerg Flyer Weapons Level 1, Zerg Missile Weapons Level 1, Protoss Ground Weapons Level 1, Protoss Air Weapons Level 1, Terran Infantry Armor Level 1, Terran Ship Armor Level 1, Zerg Flyer Armor Level 1, Refinery, Zerg Melee Weapons Level 1, Protoss Air Armor Level 1, Zerg Ground Armor Level 1, Terran Infantry Weapons Level 1, Terran Vehicle Weapons Level 1, Protoss Ground Armor Level 1, Terran Vehicle Armor Level 1, Protoss Shields Level 1, Terran Ship Weapons Level 1  
  19  19:45  Unknown x5  
  19  19:47  SCV x12  
  19  19:52  Charge, Weapon Refit, Extended Thermal Lance, Resonating Glaives, Neosteel Armor, Warp Gate  
    19:57  Protoss Shields Level 2, Protoss Ground Weapons Level 2, Zerg Melee Weapons Level 2, Zerg Flyer Weapons Level 2, Terran Ship Weapons Level 2, Zerg Missile Weapons Level 2, Protoss Air Weapons Level 2, Protoss Ground Armor Level 2, Terran Vehicle Armor Level 2, Protoss Air Armor Level 2, Terran Ship Armor Level 2, Terran Infantry Weapons Level 2, Terran Vehicle Weapons Level 2, Zerg Ground Armor Level 2, Zerg Flyer Armor Level 2, Terran Infantry Armor Level 2  
    19:59  Adrenal Glands, Unknown, Ventral Sacs  
  12  20:00  SCV  
  12  20:05  Enduring Locusts  
  12  20:06  Personal Cloaking  
  13  20:12  SCV, Blink, Stimpack  
  13  20:13  Neural Parasite, Combat Shield, Corvid Reactor, Psionic Storm, Chitinous Plating, Tunneling Claws, Metabolic Boost, Neosteel Frame, Centrifical Hooks, Durable Materials, Glial Reconstitution, Cloaking Field, Infernal Pre-Igniter  
  14  20:16  Supply Depot  
  14  20:19  Zerg Flyer Weapons Level 1, Zerg Missile Weapons Level 1, Protoss Ground Weapons Level 1, Protoss Air Weapons Level 1, Terran Infantry Armor Level 1, Terran Ship Armor Level 1, Zerg Flyer Armor Level 1, Zerg Melee Weapons Level 1, Protoss Air Armor Level 1, Zerg Ground Armor Level 1, Terran Infantry Weapons Level 1, Terran Vehicle Weapons Level 1, Protoss Ground Armor Level 1, Terran Vehicle Armor Level 1, Protoss Shields Level 1, Terran Ship Weapons Level 1  
  14  20:21  Burrow, Muscular Augments x2  
  14  20:24  SCV  
  15  20:33  Charge, Weapon Refit, Extended Thermal Lance, Resonating Glaives, Neosteel Armor, Warp Gate  
  15  20:35  Gravitic Drive, Hi-Sec Auto Tracking, Behemoth Reactor, Pathogen Glands, Gravitic Boosters, Caduceus Reactor, Graviton Catapult, Moebius Reactor  
  15  20:38  SCV, Barracks  
  15  20:40  Adrenal Glands, Ventral Sacs  
  16  20:45  Refinery  
  16  20:46  Enduring Locusts  
  16  20:47  Personal Cloaking  
  16  20:49  Pneumatized Carapace, Concussive Shells  
  16  20:50  SCV  
  16  20:54  Neural Parasite, Combat Shield, Corvid Reactor, Psionic Storm, Chitinous Plating, Tunneling Claws, Metabolic Boost, Neosteel Frame, Centrifical Hooks, Durable Materials, Glial Reconstitution, Cloaking Field, Infernal Pre-Igniter  
  17  21:02  SCV, Burrow, Muscular Augments x2  
  18  21:07  Barracks  
  18  21:16  Gravitic Drive, Hi-Sec Auto Tracking, Behemoth Reactor, Pathogen Glands, Gravitic Boosters, Caduceus Reactor, Graviton Catapult, Moebius Reactor  
  19  21:30  Pneumatized Carapace, Concussive Shells  
  19  21:32  Unknown x5  
  19  21:33  SCV x12  
    21:45  Unknown  
  12  21:47  SCV  
  13  21:59  Protoss Air Armor Level 3, Protoss Ground Weapons Level 3, Zerg Missile Weapons Level 3, Terran Infantry Armor Level 3, Protoss Shields Level 3, Terran Ship Armor Level 3, Terran Vehicle Weapons Level 3, Protoss Air Weapons Level 3, Protoss Ground Armor Level 3, Zerg Flyer Armor Level 3, Zerg Flyer Weapons Level 3, Zerg Ground Armor Level 3, Terran Ship Weapons Level 3, Terran Vehicle Armor Level 3, Zerg Melee Weapons Level 3, Terran Infantry Weapons Level 3  
  14  22:07  Supply Depot  
  14  22:13  Unknown x5  
    22:20  Protoss Shields Level 2, Protoss Ground Weapons Level 2, Zerg Melee Weapons Level 2, Zerg Flyer Weapons Level 2, Terran Ship Weapons Level 2, Zerg Missile Weapons Level 2, Protoss Air Weapons Level 2, Protoss Ground Armor Level 2, Terran Vehicle Armor Level 2, Protoss Air Armor Level 2, Terran Ship Armor Level 2, Terran Infantry Weapons Level 2, Terran Vehicle Weapons Level 2, Zerg Ground Armor Level 2, Zerg Flyer Armor Level 2, Terran Infantry Armor Level 2  
    22:32  SCV x12  
    22:35  Blink, Stimpack  
    22:42  Zerg Flyer Weapons Level 1, Zerg Missile Weapons Level 1, Protoss Ground Weapons Level 1, Protoss Air Weapons Level 1, Terran Infantry Armor Level 1, Terran Ship Armor Level 1, Zerg Flyer Armor Level 1, Zerg Melee Weapons Level 1, Protoss Air Armor Level 1, Zerg Ground Armor Level 1, Terran Infantry Weapons Level 1, Terran Vehicle Weapons Level 1, Protoss Ground Armor Level 1, Terran Vehicle Armor Level 1, Protoss Shields Level 1, Terran Ship Weapons Level 1  
    22:44  Unknown  
  12  22:45  SCV  
  13  22:56  Charge, Weapon Refit, Extended Thermal Lance, Resonating Glaives, Neosteel Armor, Warp Gate  
  13  22:57  SCV  
  14  23:03  Adrenal Glands, Supply Depot, Ventral Sacs  
  14  23:09  Enduring Locusts, SCV  
  14  23:10  Personal Cloaking  
  15  23:17  Neural Parasite, Combat Shield, Corvid Reactor, Psionic Storm, Chitinous Plating, Tunneling Claws, Metabolic Boost, Neosteel Frame, Centrifical Hooks, Durable Materials, Glial Reconstitution, Cloaking Field, Infernal Pre-Igniter  
  15  23:24  SCV  
  15  23:25  Burrow, Muscular Augments x2  
  15  23:26  Barracks  
  16  23:30  Refinery  
  16  23:36  SCV  
  16  23:39  Gravitic Drive, Hi-Sec Auto Tracking, Behemoth Reactor, Pathogen Glands, Gravitic Boosters, Caduceus Reactor, Graviton Catapult, Moebius Reactor  
  17  23:49  SCV  
  17  23:50  Barracks  
  17  23:53  Pneumatized Carapace, Concussive Shells  
  18  24:01  SCV  
  19  24:21  Barracks Reactor  
  19  24:25  Orbital Command  
  19  24:29  Refinery  
  19  24:36  Unknown x5  
  19  24:38  SCV x12  
    24:51  SCV  
  13  25:03  SCV  
  14  25:08  Supply Depot  
  14  25:15  SCV  
  15  25:30  SCV  
  15  25:32  Barracks  
  16  25:37  Refinery  
  16  25:42  SCV  
  17  25:44  Protoss Air Armor Level 3, Protoss Ground Weapons Level 3, Zerg Missile Weapons Level 3, Terran Infantry Armor Level 3, Protoss Shields Level 3, Terran Ship Armor Level 3, Terran Vehicle Weapons Level 3, Protoss Air Weapons Level 3, Protoss Ground Armor Level 3, Zerg Flyer Armor Level 3, Zerg Flyer Weapons Level 3, Zerg Ground Armor Level 3, Terran Ship Weapons Level 3, Terran Vehicle Armor Level 3, Zerg Melee Weapons Level 3, Terran Infantry Weapons Level 3  
  17  25:54  SCV  
  17  25:56  Barracks  
  18  26:05  Protoss Shields Level 2, Protoss Ground Weapons Level 2, Zerg Melee Weapons Level 2, Zerg Flyer Weapons Level 2, Terran Ship Weapons Level 2, Zerg Missile Weapons Level 2, Protoss Air Weapons Level 2, Protoss Ground Armor Level 2, Terran Vehicle Armor Level 2, Protoss Air Armor Level 2, Terran Ship Armor Level 2, Terran Infantry Weapons Level 2, Terran Vehicle Weapons Level 2, Zerg Ground Armor Level 2, Zerg Flyer Armor Level 2, Terran Infantry Armor Level 2  
  18  26:06  SCV  
  19  26:20  Blink, Stimpack  
  19  26:22  Refinery  
  19  26:23  Barracks Reactor  
  19  26:24  Orbital Command  
  19  26:27  Zerg Flyer Weapons Level 1, Zerg Missile Weapons Level 1, Protoss Ground Weapons Level 1, Protoss Air Weapons Level 1, Terran Infantry Armor Level 1, Terran Ship Armor Level 1, Zerg Flyer Armor Level 1, Zerg Melee Weapons Level 1, Protoss Air Armor Level 1, Zerg Ground Armor Level 1, Terran Infantry Weapons Level 1, Terran Vehicle Weapons Level 1, Protoss Ground Armor Level 1, Terran Vehicle Armor Level 1, Protoss Shields Level 1, Terran Ship Weapons Level 1  
  19  26:41  Charge, Weapon Refit, Extended Thermal Lance, Resonating Glaives, Neosteel Armor, Warp Gate  
  19  26:43  Marine  
  20  26:48  Adrenal Glands, Ventral Sacs  
  20  26:50  Supply Depot  
  20  26:53  SCV  
  21  26:54  Enduring Locusts  
  21  26:55  Personal Cloaking  
  21  27:01  Factory  
  21  27:02  Neural Parasite, Combat Shield, Corvid Reactor, Psionic Storm, Chitinous Plating, Tunneling Claws, Metabolic Boost, Neosteel Frame, Centrifical Hooks, Durable Materials, Glial Reconstitution, Cloaking Field, Infernal Pre-Igniter, Marine x2  
  21  27:05  Barracks Tech Lab  
  23  27:10  Burrow, Muscular Augments x2  
  23  27:17  Supply Depot  
  23  27:18  SCV  
  24  27:24  Gravitic Drive, Hi-Sec Auto Tracking, Behemoth Reactor, Pathogen Glands, Gravitic Boosters, Caduceus Reactor, Graviton Catapult, Moebius Reactor  
  24  27:29  Marine  
  25  27:30  Protoss Air Armor Level 3, Protoss Ground Weapons Level 3, Zerg Missile Weapons Level 3, Terran Infantry Armor Level 3, Protoss Shields Level 3, Terran Ship Armor Level 3, Terran Vehicle Weapons Level 3, Protoss Air Weapons Level 3, Protoss Ground Armor Level 3, Zerg Flyer Armor Level 3, Zerg Flyer Weapons Level 3, Zerg Ground Armor Level 3, Terran Ship Weapons Level 3, SCV, Terran Vehicle Armor Level 3, Zerg Melee Weapons Level 3, Terran Infantry Weapons Level 3  
  26  27:38  Pneumatized Carapace, Concussive Shells  
  26  27:42  SCV  
  27  27:47  Marine  
  28  27:51  Protoss Shields Level 2, Protoss Ground Weapons Level 2, Zerg Melee Weapons Level 2, Zerg Flyer Weapons Level 2, Terran Ship Weapons Level 2, Zerg Missile Weapons Level 2, Protoss Air Weapons Level 2, Protoss Ground Armor Level 2, Terran Vehicle Armor Level 2, Protoss Air Armor Level 2, Terran Ship Armor Level 2, Terran Infantry Weapons Level 2, Terran Vehicle Weapons Level 2, Zerg Ground Armor Level 2, Zerg Flyer Armor Level 2, Terran Infantry Armor Level 2  
  28  27:56  Barracks Reactor  
  29  28:06  Blink, Stimpack  
  29  28:13  Zerg Flyer Weapons Level 1, Zerg Missile Weapons Level 1, Protoss Ground Weapons Level 1, Protoss Air Weapons Level 1, Terran Infantry Armor Level 1, Terran Ship Armor Level 1, Zerg Flyer Armor Level 1, Zerg Melee Weapons Level 1, Protoss Air Armor Level 1, Zerg Ground Armor Level 1, Terran Infantry Weapons Level 1, Terran Vehicle Weapons Level 1, Protoss Ground Armor Level 1, Terran Vehicle Armor Level 1, Protoss Shields Level 1, Terran Ship Weapons Level 1  
  29  28:21  Unknown x5  
  29  28:25  SCV x12  
    28:27  Charge, Weapon Refit, Extended Thermal Lance, Resonating Glaives, Neosteel Armor, Warp Gate  
    28:34  Adrenal Glands, Ventral Sacs  
    28:37  Unknown  
    28:38  SCV  
    28:40  Enduring Locusts  
  13  28:41  Personal Cloaking  
  13  28:48  Neural Parasite, Combat Shield, Corvid Reactor, Psionic Storm, Chitinous Plating, Tunneling Claws, Metabolic Boost, Neosteel Frame, Centrifical Hooks, Durable Materials, Glial Reconstitution, Cloaking Field, Infernal Pre-Igniter  
  13  28:51  SCV  
  13  28:55  Supply Depot  
  14  28:56  Burrow, Muscular Augments x2  
  14  29:03  SCV  
  15  29:10  Gravitic Drive, Hi-Sec Auto Tracking, Behemoth Reactor, Pathogen Glands, Gravitic Boosters, Caduceus Reactor, Graviton Catapult, Moebius Reactor  
  15  29:17  SCV  
  16  29:18  Barracks  
  16  29:23  Refinery  
  16  29:24  Pneumatized Carapace, Concussive Shells  
  16  29:29  SCV  
  17  29:41  SCV  
  18  29:53  Barracks  
  18  29:59  Orbital Command  
  18  30:07  Unknown x5  
  18  30:12  SCV x12  
    30:25  SCV  
  13  30:37  SCV  
  13  30:41  Supply Depot  
  14  30:49  SCV  
  15  31:03  SCV  
  16  31:05  Barracks  
  16  31:10  Refinery  
  16  31:15  SCV  
  17  31:27  SCV  
  18  31:33  Barracks  
  18  31:39  SCV  
  19  31:54  Protoss Air Armor Level 3, Protoss Ground Weapons Level 3, Zerg Missile Weapons Level 3, Terran Infantry Armor Level 3, Protoss Shields Level 3, Terran Ship Armor Level 3, Terran Vehicle Weapons Level 3, Protoss Air Weapons Level 3, Protoss Ground Armor Level 3, Zerg Flyer Armor Level 3, Zerg Flyer Weapons Level 3, Zerg Ground Armor Level 3, Terran Ship Weapons Level 3, Terran Vehicle Armor Level 3, Zerg Melee Weapons Level 3, Terran Infantry Weapons Level 3  
  19  31:58  Refinery  
  19  31:59  Barracks Reactor  
  19  32:01  Orbital Command  
  19  32:15  Protoss Shields Level 2, Protoss Ground Weapons Level 2, Zerg Melee Weapons Level 2, Zerg Flyer Weapons Level 2, Terran Ship Weapons Level 2, Zerg Missile Weapons Level 2, Protoss Air Weapons Level 2, Protoss Ground Armor Level 2, Terran Vehicle Armor Level 2, Protoss Air Armor Level 2, Terran Ship Armor Level 2, Terran Infantry Weapons Level 2, Terran Vehicle Weapons Level 2, Zerg Ground Armor Level 2, Zerg Flyer Armor Level 2, Terran Infantry Armor Level 2  
  19  32:20  Marine  
  20  32:23  Supply Depot  
  20  32:30  Blink, Stimpack  
  20  32:33  Factory  
  20  32:36  SCV  
  21  32:37  Zerg Flyer Weapons Level 1, Zerg Missile Weapons Level 1, Protoss Ground Weapons Level 1, Protoss Air Weapons Level 1, Terran Infantry Armor Level 1, Terran Ship Armor Level 1, Zerg Flyer Armor Level 1, Zerg Melee Weapons Level 1, Protoss Air Armor Level 1, Zerg Ground Armor Level 1, Terran Infantry Weapons Level 1, Terran Vehicle Weapons Level 1, Protoss Ground Armor Level 1, Terran Vehicle Armor Level 1, Protoss Shields Level 1, Terran Ship Weapons Level 1  
  21  32:39  Marine  
  23  32:44  Marine  
  23  32:50  Barracks Tech Lab  
  23  32:51  Charge, Weapon Refit, Extended Thermal Lance, Resonating Glaives, Neosteel Armor, Warp Gate  
  23  32:56  Supply Depot  
  23  32:58  Adrenal Glands, SCV, Ventral Sacs  
  24  33:03  Marine  
  24  33:04  Enduring Locusts, Marine  
  24  33:05  Personal Cloaking  
  26  33:10  SCV  
  26  33:12  Neural Parasite, Combat Shield, Corvid Reactor, Psionic Storm, Chitinous Plating, Tunneling Claws, Metabolic Boost, Neosteel Frame, Centrifical Hooks, Durable Materials, Glial Reconstitution, Cloaking Field, Infernal Pre-Igniter  
  27  33:20  Burrow, Muscular Augments x2  
  27  33:21  Marine  
  28  33:33  Factory  
  30  33:34  Gravitic Drive, Hi-Sec Auto Tracking, Behemoth Reactor, Pathogen Glands, Hellion x2, Gravitic Boosters, Caduceus Reactor, Graviton Catapult, Moebius Reactor  
  30  33:38  Barracks Reactor  
  30  33:39  Marine  
  33  33:48  Pneumatized Carapace, Concussive Shells  
  35  33:55  Hellion  
  35  33:58  Supply Depot  
  35  34:00  Hellion  
  37  34:05  SCV  
  43  34:31  Unknown x5  
  43  34:36  Probe x12  
    34:48  Unknown  
Show
View Real Time Build Order
Export as new Build Order

IA (très facile) Terran 

Build Orders: Command Center First (CC), Banshee Rush 

Get SALT Encoding   

    0:41  SCV x12  
    0:53  Unknown, SCV  
  13  1:05  SCV  
  14  1:13  Supply Depot  
  14  1:18  SCV  
  15  1:35  SCV  
  16  1:54  Protoss Air Armor Level 3, Protoss Ground Weapons Level 3, Zerg Missile Weapons Level 3, Terran Infantry Armor Level 3, Command Center, Protoss Shields Level 3, Terran Ship Armor Level 3, Terran Vehicle Weapons Level 3, Protoss Air Weapons Level 3, Protoss Ground Armor Level 3, Zerg Flyer Armor Level 3, Zerg Flyer Weapons Level 3, Zerg Ground Armor Level 3, Terran Ship Weapons Level 3, Terran Vehicle Armor Level 3, Zerg Melee Weapons Level 3, Terran Infantry Weapons Level 3  
  16  2:02  Barracks  
  16  2:13  Supply Depot  
  16  2:15  Protoss Shields Level 2, Protoss Ground Weapons Level 2, Zerg Melee Weapons Level 2, Zerg Flyer Weapons Level 2, Terran Ship Weapons Level 2, Zerg Missile Weapons Level 2, Protoss Air Weapons Level 2, Protoss Ground Armor Level 2, Terran Vehicle Armor Level 2, Protoss Air Armor Level 2, Terran Ship Armor Level 2, Terran Infantry Weapons Level 2, Terran Vehicle Weapons Level 2, Zerg Ground Armor Level 2, Zerg Flyer Armor Level 2, Terran Infantry Armor Level 2  
  16  2:18  Refinery  
  16  2:20  SCV  
  17  2:29  Refinery  
  17  2:30  Blink, Stimpack  
  17  2:33  SCV  
  18  2:37  Zerg Flyer Weapons Level 1, Zerg Missile Weapons Level 1, Protoss Ground Weapons Level 1, Protoss Air Weapons Level 1, Terran Infantry Armor Level 1, Terran Ship Armor Level 1, Zerg Flyer Armor Level 1, Zerg Melee Weapons Level 1, Protoss Air Armor Level 1, Zerg Ground Armor Level 1, Terran Infantry Weapons Level 1, Terran Vehicle Weapons Level 1, Protoss Ground Armor Level 1, Terran Vehicle Armor Level 1, Protoss Shields Level 1, Terran Ship Weapons Level 1  
  18  2:45  SCV  
  18  2:49  Marine  
  18  2:51  Charge, Weapon Refit, Extended Thermal Lance, Resonating Glaives, Neosteel Armor, Warp Gate  
  20  2:57  SCV  
  20  2:58  Adrenal Glands, Ventral Sacs  
  21  3:04  Enduring Locusts  
  21  3:05  Personal Cloaking  
  21  3:09  SCV  
  21  3:11  SCV  
  21  3:12  Neural Parasite, Combat Shield, Corvid Reactor, Psionic Storm, Chitinous Plating, Tunneling Claws, Metabolic Boost, Neosteel Frame, Centrifical Hooks, Durable Materials, Glial Reconstitution, Cloaking Field, Infernal Pre-Igniter  
  23  3:20  Burrow, Muscular Augments x2  
  23  3:21  SCV  
  23  3:25  SCV  
  25  3:33  SCV, Marine  
  25  3:34  Gravitic Drive, Hi-Sec Auto Tracking, Behemoth Reactor, Pathogen Glands, Gravitic Boosters, Caduceus Reactor, Graviton Catapult, Moebius Reactor  
  27  3:40  SCV  
  28  3:47  SCV  
  28  3:48  Pneumatized Carapace, Concussive Shells  
  29  3:54  Factory  
  30  4:31  Unknown x5  
  30  4:33  SCV x12  
    4:45  Unknown  
  12  4:46  SCV  
  13  5:04  Supply Depot  
  13  5:39  Command Center  
  13  5:52  Barracks  
  13  6:20  Refinery  
  13  6:28  Refinery  
  13  6:39  SCV  
  14  6:40  Marine  
  15  6:51  SCV  
  15  6:53  SCV  
  17  7:03  SCV  
  17  7:08  SCV  
  19  7:11  Factory  
  20  7:15  SCV  
  20  7:22  SCV  
  21  7:24  Marine  
  22  7:33  SCV  
  23  7:40  SCV  
  24  7:47  SCV  
  24  7:48  Protoss Air Armor Level 3, Protoss Ground Weapons Level 3, Zerg Missile Weapons Level 3, Terran Infantry Armor Level 3, Protoss Shields Level 3, Terran Ship Armor Level 3, Terran Vehicle Weapons Level 3, Protoss Air Weapons Level 3, Protoss Ground Armor Level 3, Zerg Flyer Armor Level 3, Zerg Flyer Weapons Level 3, Zerg Ground Armor Level 3, Terran Ship Weapons Level 3, Terran Vehicle Armor Level 3, Zerg Melee Weapons Level 3, Terran Infantry Weapons Level 3  
  25  7:54  SCV  
  26  8:01  SCV  
  27  8:07  Reaper  
  27  8:08  SCV  
  27  8:09  Protoss Shields Level 2, Protoss Ground Weapons Level 2, Zerg Melee Weapons Level 2, Zerg Flyer Weapons Level 2, Terran Ship Weapons Level 2, Zerg Missile Weapons Level 2, Protoss Air Weapons Level 2, Protoss Ground Armor Level 2, Terran Vehicle Armor Level 2, Protoss Air Armor Level 2, Terran Ship Armor Level 2, Terran Infantry Weapons Level 2, Terran Vehicle Weapons Level 2, Zerg Ground Armor Level 2, Zerg Flyer Armor Level 2, Terran Infantry Armor Level 2  
  29  8:16  SCV  
  30  8:23  Supply Depot  
  30  8:24  Blink, Stimpack  
  30  8:31  Zerg Flyer Weapons Level 1, Zerg Missile Weapons Level 1, Protoss Ground Weapons Level 1, Protoss Air Weapons Level 1, Terran Infantry Armor Level 1, Terran Ship Armor Level 1, Zerg Flyer Armor Level 1, Zerg Melee Weapons Level 1, Protoss Air Armor Level 1, Zerg Ground Armor Level 1, Terran Infantry Weapons Level 1, Terran Vehicle Weapons Level 1, Protoss Ground Armor Level 1, Terran Vehicle Armor Level 1, Protoss Shields Level 1, Terran Ship Weapons Level 1  
  30  8:45  Charge, Weapon Refit, Extended Thermal Lance, Resonating Glaives, Neosteel Armor, Warp Gate  
  30  8:49  Starport  
  30  8:51  Marine  
  30  8:52  Adrenal Glands, Ventral Sacs  
  31  8:58  Enduring Locusts  
  31  8:59  Personal Cloaking  
  31  9:06  Neural Parasite, Combat Shield, Corvid Reactor, Psionic Storm, Chitinous Plating, Tunneling Claws, Metabolic Boost, Neosteel Frame, Centrifical Hooks, Durable Materials, Glial Reconstitution, Cloaking Field, Infernal Pre-Igniter  
  31  9:14  Burrow, Muscular Augments x2  
  31  9:19  Supply Depot  
  31  9:26  Starport Tech Lab  
  31  9:28  Gravitic Drive, Hi-Sec Auto Tracking, Behemoth Reactor, Pathogen Glands, Gravitic Boosters, Caduceus Reactor, Graviton Catapult, Moebius Reactor  
  31  9:34  Marine  
  31  9:42  Pneumatized Carapace, Concussive Shells  
  29  9:53  SCV  
  30  10:03  Marine  
  26  10:07  SCV  
  10  10:25  Unknown x5  
    10:35  Protoss Air Armor Level 3, Protoss Ground Weapons Level 3, Zerg Missile Weapons Level 3, Terran Infantry Armor Level 3, Protoss Shields Level 3, Terran Ship Armor Level 3, Terran Vehicle Weapons Level 3, Protoss Air Weapons Level 3, Protoss Ground Armor Level 3, Zerg Flyer Armor Level 3, Zerg Flyer Weapons Level 3, Zerg Ground Armor Level 3, Terran Ship Weapons Level 3, Terran Vehicle Armor Level 3, Zerg Melee Weapons Level 3, Terran Infantry Weapons Level 3  
    10:56  Protoss Shields Level 2, Protoss Ground Weapons Level 2, Zerg Melee Weapons Level 2, Zerg Flyer Weapons Level 2, Terran Ship Weapons Level 2, Zerg Missile Weapons Level 2, Protoss Air Weapons Level 2, Protoss Ground Armor Level 2, Terran Vehicle Armor Level 2, Protoss Air Armor Level 2, Terran Ship Armor Level 2, Terran Infantry Weapons Level 2, Terran Vehicle Weapons Level 2, Zerg Ground Armor Level 2, Zerg Flyer Armor Level 2, Terran Infantry Armor Level 2  
    11:11  Blink, Stimpack  
    11:18  Zerg Flyer Weapons Level 1, Zerg Missile Weapons Level 1, Protoss Ground Weapons Level 1, Protoss Air Weapons Level 1, Terran Infantry Armor Level 1, Terran Ship Armor Level 1, Zerg Flyer Armor Level 1, Zerg Melee Weapons Level 1, Protoss Air Armor Level 1, Zerg Ground Armor Level 1, Terran Infantry Weapons Level 1, Terran Vehicle Weapons Level 1, Protoss Ground Armor Level 1, Terran Vehicle Armor Level 1, Protoss Shields Level 1, Terran Ship Weapons Level 1  
    11:24  SCV x12  
    11:32  Charge, Weapon Refit, Extended Thermal Lance, Resonating Glaives, Neosteel Armor, Warp Gate  
    11:36  Unknown  
    11:37  SCV  
    11:39  Adrenal Glands, Ventral Sacs  
  13  11:45  Enduring Locusts  
  13  11:46  Personal Cloaking  
  13  11:49  SCV  
  13  11:53  Neural Parasite, Combat Shield, Corvid Reactor, Psionic Storm, Chitinous Plating, Tunneling Claws, Metabolic Boost, Neosteel Frame, Centrifical Hooks, Durable Materials, Glial Reconstitution, Cloaking Field, Infernal Pre-Igniter  
  14  12:01  Burrow, Muscular Augments x2  
  14  12:09  Supply Depot  
  14  12:15  Gravitic Drive, Hi-Sec Auto Tracking, Behemoth Reactor, Pathogen Glands, Gravitic Boosters, Caduceus Reactor, Graviton Catapult, Moebius Reactor  
  14  12:29  Pneumatized Carapace, Concussive Shells  
  14  12:32  Command Center  
  14  12:44  Barracks  
  14  13:04  Refinery  
  14  13:12  Unknown x5  
  14  13:14  SCV x12  
    13:26  Unknown  
  12  13:27  SCV  
  13  13:39  SCV  
  14  13:51  SCV  
  15  13:57  Supply Depot  
  15  14:19  SCV  
  16  14:31  SCV  
  16  14:34  Command Center  
  17  14:43  SCV  
  18  14:47  Barracks  
  18  14:53  Refinery  
  18  14:58  Protoss Air Armor Level 3, Protoss Ground Weapons Level 3, Zerg Missile Weapons Level 3, Terran Infantry Armor Level 3, Protoss Shields Level 3, Terran Ship Armor Level 3, Terran Vehicle Weapons Level 3, Protoss Air Weapons Level 3, Protoss Ground Armor Level 3, Zerg Flyer Armor Level 3, Zerg Flyer Weapons Level 3, Zerg Ground Armor Level 3, Terran Ship Weapons Level 3, Terran Vehicle Armor Level 3, Zerg Melee Weapons Level 3, Terran Infantry Weapons Level 3  
  18  15:03  Supply Depot  
  18  15:10  Refinery  
  18  15:18  SCV  
  18  15:19  Protoss Shields Level 2, Protoss Ground Weapons Level 2, Zerg Melee Weapons Level 2, Zerg Flyer Weapons Level 2, Terran Ship Weapons Level 2, Zerg Missile Weapons Level 2, Protoss Air Weapons Level 2, Protoss Ground Armor Level 2, Terran Vehicle Armor Level 2, Protoss Air Armor Level 2, Terran Ship Armor Level 2, Terran Infantry Weapons Level 2, Terran Vehicle Weapons Level 2, Zerg Ground Armor Level 2, Zerg Flyer Armor Level 2, Terran Infantry Armor Level 2  
  19  15:30  SCV  
  19  15:34  Blink, Stimpack  
  20  15:36  Marine  
  20  15:41  Zerg Flyer Weapons Level 1, Zerg Missile Weapons Level 1, Protoss Ground Weapons Level 1, Protoss Air Weapons Level 1, Terran Infantry Armor Level 1, Terran Ship Armor Level 1, Zerg Flyer Armor Level 1, Zerg Melee Weapons Level 1, Protoss Air Armor Level 1, Zerg Ground Armor Level 1, Terran Infantry Weapons Level 1, Terran Vehicle Weapons Level 1, Protoss Ground Armor Level 1, Terran Vehicle Armor Level 1, Protoss Shields Level 1, Terran Ship Weapons Level 1  
  21  15:54  Marine  
  21  15:55  Charge, Weapon Refit, Extended Thermal Lance, Resonating Glaives, Neosteel Armor, Warp Gate  
  22  16:02  Adrenal Glands, Ventral Sacs  
  22  16:04  Factory  
  22  16:08  Enduring Locusts  
  22  16:09  Personal Cloaking  
  22  16:11  Marine  
  22  16:16  Neural Parasite, Combat Shield, Corvid Reactor, Psionic Storm, Chitinous Plating, Tunneling Claws, Metabolic Boost, Neosteel Frame, Centrifical Hooks, Durable Materials, Glial Reconstitution, Cloaking Field, Infernal Pre-Igniter  
  23  16:24  Burrow, Muscular Augments x2  
  23  16:38  Gravitic Drive, Hi-Sec Auto Tracking, Behemoth Reactor, Pathogen Glands, Gravitic Boosters, Caduceus Reactor, Graviton Catapult, Moebius Reactor  
  23  16:52  Pneumatized Carapace, Concussive Shells  
  23  16:53  Starport  
  23  17:08  Protoss Air Armor Level 3, Protoss Ground Weapons Level 3, Zerg Missile Weapons Level 3, Terran Infantry Armor Level 3, Protoss Shields Level 3, Terran Ship Armor Level 3, Terran Vehicle Weapons Level 3, Protoss Air Weapons Level 3, Protoss Ground Armor Level 3, Zerg Flyer Armor Level 3, Zerg Flyer Weapons Level 3, Zerg Ground Armor Level 3, Terran Ship Weapons Level 3, Terran Vehicle Armor Level 3, Zerg Melee Weapons Level 3, Terran Infantry Weapons Level 3  
  23  17:12  Marine  
  24  17:28  Starport Tech Lab  
  24  17:29  Protoss Shields Level 2, Protoss Ground Weapons Level 2, Zerg Melee Weapons Level 2, Zerg Flyer Weapons Level 2, Terran Ship Weapons Level 2, Zerg Missile Weapons Level 2, Protoss Air Weapons Level 2, Protoss Ground Armor Level 2, Terran Vehicle Armor Level 2, Protoss Air Armor Level 2, Terran Ship Armor Level 2, Terran Infantry Weapons Level 2, Terran Vehicle Weapons Level 2, Zerg Ground Armor Level 2, Zerg Flyer Armor Level 2, Terran Infantry Armor Level 2  
  24  17:35  Unknown x5  
    17:44  Blink, Stimpack  
    17:51  Zerg Flyer Weapons Level 1, Zerg Missile Weapons Level 1, Protoss Ground Weapons Level 1, Protoss Air Weapons Level 1, Terran Infantry Armor Level 1, Terran Ship Armor Level 1, Zerg Flyer Armor Level 1, Zerg Melee Weapons Level 1, Protoss Air Armor Level 1, Zerg Ground Armor Level 1, Terran Infantry Weapons Level 1, Terran Vehicle Weapons Level 1, Protoss Ground Armor Level 1, Terran Vehicle Armor Level 1, Protoss Shields Level 1, Terran Ship Weapons Level 1  
    17:56  SCV x12  
  153  18:05  Charge, Weapon Refit, Extended Thermal Lance, Resonating Glaives, Neosteel Armor, Warp Gate  
    18:08  Unknown  
    18:11  SCV  
    18:12  Adrenal Glands, Ventral Sacs  
  13  18:18  Enduring Locusts  
  13  18:19  Personal Cloaking  
  13  18:23  SCV  
  13  18:26  Neural Parasite, Combat Shield, Corvid Reactor, Psionic Storm, Chitinous Plating, Tunneling Claws, Metabolic Boost, Neosteel Frame, Centrifical Hooks, Durable Materials, Glial Reconstitution, Cloaking Field, Infernal Pre-Igniter  
  14  18:28  Supply Depot  
  14  18:34  Burrow, Muscular Augments x2  
  14  18:35  SCV  
  15  18:48  Gravitic Drive, Hi-Sec Auto Tracking, Behemoth Reactor, Pathogen Glands, Gravitic Boosters, Caduceus Reactor, Graviton Catapult, Moebius Reactor  
  15  18:50  SCV  
  15  18:55  Protoss Air Armor Level 3, Protoss Ground Weapons Level 3, Zerg Missile Weapons Level 3, Terran Infantry Armor Level 3, Protoss Shields Level 3, Terran Ship Armor Level 3, Terran Vehicle Weapons Level 3, Protoss Air Weapons Level 3, Protoss Ground Armor Level 3, Zerg Flyer Armor Level 3, Zerg Flyer Weapons Level 3, Zerg Ground Armor Level 3, Terran Ship Weapons Level 3, Terran Vehicle Armor Level 3, Zerg Melee Weapons Level 3, Terran Infantry Weapons Level 3  
  16  19:02  SCV, Concussive Shells, Pneumatized Carapace  
  17  19:03  Barracks  
  17  19:16  Protoss Shields Level 2, Protoss Ground Weapons Level 2, Zerg Melee Weapons Level 2, Zerg Flyer Weapons Level 2, Terran Ship Weapons Level 2, Zerg Missile Weapons Level 2, Protoss Air Weapons Level 2, Protoss Ground Armor Level 2, Terran Vehicle Armor Level 2, Protoss Air Armor Level 2, Terran Ship Armor Level 2, Terran Infantry Weapons Level 2, Terran Vehicle Weapons Level 2, Zerg Ground Armor Level 2, Zerg Flyer Armor Level 2, Terran Infantry Armor Level 2  
  17  19:28  Command Center  
  17  19:31  Blink, Stimpack  
  17  19:36  Protoss Air Armor Level 3, Protoss Ground Weapons Level 3, Zerg Missile Weapons Level 3, Terran Infantry Armor Level 3, Protoss Shields Level 3, Terran Ship Armor Level 3, Terran Vehicle Weapons Level 3, Protoss Air Weapons Level 3, Protoss Ground Armor Level 3, Zerg Flyer Armor Level 3, Zerg Flyer Weapons Level 3, Zerg Ground Armor Level 3, Terran Ship Weapons Level 3, Terran Vehicle Armor Level 3, Zerg Melee Weapons Level 3, Terran Infantry Weapons Level 3  
  17  19:38  Zerg Flyer Weapons Level 1, Zerg Missile Weapons Level 1, Protoss Ground Weapons Level 1, Protoss Air Weapons Level 1, Terran Infantry Armor Level 1, Terran Ship Armor Level 1, Zerg Flyer Armor Level 1, Zerg Melee Weapons Level 1, Protoss Air Armor Level 1, Zerg Ground Armor Level 1, Terran Infantry Weapons Level 1, Terran Vehicle Weapons Level 1, Protoss Ground Armor Level 1, Terran Vehicle Armor Level 1, Protoss Shields Level 1, Terran Ship Weapons Level 1  
  17  19:45  Unknown x5  
  17  19:47  SCV x12  
  17  19:52  Charge, Weapon Refit, Extended Thermal Lance, Resonating Glaives, Neosteel Armor, Warp Gate  
    19:57  Protoss Shields Level 2, Protoss Ground Weapons Level 2, Zerg Melee Weapons Level 2, Zerg Flyer Weapons Level 2, Terran Ship Weapons Level 2, Zerg Missile Weapons Level 2, Protoss Air Weapons Level 2, Protoss Ground Armor Level 2, Terran Vehicle Armor Level 2, Protoss Air Armor Level 2, Terran Ship Armor Level 2, Terran Infantry Weapons Level 2, Terran Vehicle Weapons Level 2, Zerg Ground Armor Level 2, Zerg Flyer Armor Level 2, Terran Infantry Armor Level 2  
    19:59  Adrenal Glands, Unknown, Ventral Sacs  
  12  20:00  SCV  
  12  20:05  Enduring Locusts  
  12  20:06  Personal Cloaking  
  13  20:12  SCV, Blink, Stimpack  
  13  20:13  Neural Parasite, Combat Shield, Corvid Reactor, Psionic Storm, Chitinous Plating, Tunneling Claws, Metabolic Boost, Neosteel Frame, Centrifical Hooks, Durable Materials, Glial Reconstitution, Cloaking Field, Infernal Pre-Igniter  
  14  20:19  Zerg Flyer Weapons Level 1, Zerg Missile Weapons Level 1, Protoss Ground Weapons Level 1, Protoss Air Weapons Level 1, Terran Infantry Armor Level 1, Terran Ship Armor Level 1, Zerg Flyer Armor Level 1, Zerg Melee Weapons Level 1, Protoss Air Armor Level 1, Zerg Ground Armor Level 1, Terran Infantry Weapons Level 1, Supply Depot, Terran Vehicle Weapons Level 1, Protoss Ground Armor Level 1, Terran Vehicle Armor Level 1, Protoss Shields Level 1, Terran Ship Weapons Level 1  
  14  20:21  Burrow, Muscular Augments x2  
  14  20:25  SCV  
  15  20:33  Charge, Weapon Refit, Extended Thermal Lance, Resonating Glaives, Neosteel Armor, Warp Gate  
  15  20:35  Gravitic Drive, Hi-Sec Auto Tracking, Behemoth Reactor, Pathogen Glands, Gravitic Boosters, Caduceus Reactor, Graviton Catapult, Moebius Reactor  
  15  20:40  Adrenal Glands, Ventral Sacs  
  15  20:41  SCV  
  16  20:46  Enduring Locusts  
  16  20:47  Personal Cloaking  
  16  20:49  Pneumatized Carapace, Concussive Shells  
  16  20:53  SCV  
  16  20:54  Neural Parasite, Combat Shield, Corvid Reactor, Psionic Storm, Chitinous Plating, Tunneling Claws, Metabolic Boost, Neosteel Frame, Centrifical Hooks, Durable Materials, Glial Reconstitution, Cloaking Field, Infernal Pre-Igniter  
  17  21:02  Burrow, Muscular Augments x2  
  17  21:05  SCV  
  17  21:10  Command Center  
  18  21:12  Refinery  
  18  21:16  Gravitic Drive, Hi-Sec Auto Tracking, Behemoth Reactor, Pathogen Glands, Gravitic Boosters, Caduceus Reactor, Graviton Catapult, Moebius Reactor  
  18  21:21  Supply Depot  
  19  21:30  Pneumatized Carapace, Concussive Shells  
  19  21:32  Unknown x5  
  19  21:33  SCV x12  
    21:45  Unknown  
  12  21:47  SCV  
  13  21:59  Protoss Air Armor Level 3, Protoss Ground Weapons Level 3, Zerg Missile Weapons Level 3, Terran Infantry Armor Level 3, Protoss Shields Level 3, Terran Ship Armor Level 3, Terran Vehicle Weapons Level 3, Protoss Air Weapons Level 3, Protoss Ground Armor Level 3, Zerg Flyer Armor Level 3, Zerg Flyer Weapons Level 3, Zerg Ground Armor Level 3, Terran Ship Weapons Level 3, Terran Vehicle Armor Level 3, Zerg Melee Weapons Level 3, Terran Infantry Weapons Level 3  
  14  22:13  Unknown x5  
    22:20  Protoss Shields Level 2, Protoss Ground Weapons Level 2, Zerg Melee Weapons Level 2, Zerg Flyer Weapons Level 2, Terran Ship Weapons Level 2, Zerg Missile Weapons Level 2, Protoss Air Weapons Level 2, Protoss Ground Armor Level 2, Terran Vehicle Armor Level 2, Protoss Air Armor Level 2, Terran Ship Armor Level 2, Terran Infantry Weapons Level 2, Terran Vehicle Weapons Level 2, Zerg Ground Armor Level 2, Zerg Flyer Armor Level 2, Terran Infantry Armor Level 2  
    22:32  SCV x12  
    22:35  Blink, Stimpack  
    22:42  Zerg Flyer Weapons Level 1, Zerg Missile Weapons Level 1, Protoss Ground Weapons Level 1, Protoss Air Weapons Level 1, Terran Infantry Armor Level 1, Terran Ship Armor Level 1, Zerg Flyer Armor Level 1, Zerg Melee Weapons Level 1, Protoss Air Armor Level 1, Zerg Ground Armor Level 1, Terran Infantry Weapons Level 1, Terran Vehicle Weapons Level 1, Protoss Ground Armor Level 1, Terran Vehicle Armor Level 1, Protoss Shields Level 1, Terran Ship Weapons Level 1  
    22:44  Unknown  
  12  22:46  SCV  
  13  22:56  Charge, Weapon Refit, Extended Thermal Lance, Resonating Glaives, Neosteel Armor, Warp Gate  
  13  22:58  SCV  
  14  23:03  Adrenal Glands, Ventral Sacs  
  14  23:05  Supply Depot  
  14  23:09  Enduring Locusts  
  14  23:10  SCV, Personal Cloaking  
  15  23:17  Neural Parasite, Combat Shield, Corvid Reactor, Psionic Storm, Chitinous Plating, Tunneling Claws, Metabolic Boost, Neosteel Frame, Centrifical Hooks, Durable Materials, Glial Reconstitution, Cloaking Field, Infernal Pre-Igniter  
  15  23:25  Burrow, Muscular Augments x2  
  15  23:26  SCV  
  16  23:39  Gravitic Drive, Hi-Sec Auto Tracking, Behemoth Reactor, Pathogen Glands, Gravitic Boosters, Caduceus Reactor, Graviton Catapult, Moebius Reactor  
  16  23:42  Refinery  
  16  23:45  Barracks  
  16  23:46  Refinery  
  16  23:53  Pneumatized Carapace, Concussive Shells  
  16  23:55  Supply Depot  
  16  23:56  SCV  
  17  24:08  SCV  
  18  24:20  SCV  
  19  24:36  Unknown x5  
  19  24:38  SCV x12  
    24:50  Unknown  
    24:51  SCV  
  13  25:03  SCV  
  14  25:11  Supply Depot  
  14  25:15  SCV  
  15  25:32  SCV  
  16  25:44  Protoss Air Armor Level 3, Protoss Ground Weapons Level 3, Zerg Missile Weapons Level 3, Terran Infantry Armor Level 3, Protoss Shields Level 3, Terran Ship Armor Level 3, Terran Vehicle Weapons Level 3, Protoss Air Weapons Level 3, Protoss Ground Armor Level 3, Zerg Flyer Armor Level 3, Zerg Flyer Weapons Level 3, Zerg Ground Armor Level 3, Terran Ship Weapons Level 3, SCV, Terran Vehicle Armor Level 3, Zerg Melee Weapons Level 3, Terran Infantry Weapons Level 3  
  16  25:45  Barracks  
  17  26:05  Protoss Shields Level 2, Protoss Ground Weapons Level 2, Zerg Melee Weapons Level 2, Zerg Flyer Weapons Level 2, Terran Ship Weapons Level 2, Zerg Missile Weapons Level 2, Protoss Air Weapons Level 2, Protoss Ground Armor Level 2, Terran Vehicle Armor Level 2, Protoss Air Armor Level 2, Terran Ship Armor Level 2, Terran Infantry Weapons Level 2, Terran Vehicle Weapons Level 2, Zerg Ground Armor Level 2, Zerg Flyer Armor Level 2, Terran Infantry Armor Level 2  
  17  26:09  Command Center  
  17  26:12  Refinery  
  17  26:20  Blink, Stimpack  
  17  26:22  Supply Depot  
  17  26:27  Zerg Flyer Weapons Level 1, Zerg Missile Weapons Level 1, Protoss Ground Weapons Level 1, Protoss Air Weapons Level 1, Terran Infantry Armor Level 1, Terran Ship Armor Level 1, Zerg Flyer Armor Level 1, Zerg Melee Weapons Level 1, Protoss Air Armor Level 1, Zerg Ground Armor Level 1, Terran Infantry Weapons Level 1, Terran Vehicle Weapons Level 1, Protoss Ground Armor Level 1, Terran Vehicle Armor Level 1, Protoss Shields Level 1, Terran Ship Weapons Level 1  
  17  26:34  Marine  
  17  26:35  SCV  
  19  26:41  Charge, Weapon Refit, Extended Thermal Lance, Resonating Glaives, Neosteel Armor, Warp Gate  
  19  26:44  Refinery  
  19  26:47  SCV  
  19  26:48  Adrenal Glands, Ventral Sacs  
  19  26:52  Marine  
  21  26:54  Enduring Locusts  
  21  26:55  Personal Cloaking  
  21  26:59  SCV  
  22  27:02  Neural Parasite, Combat Shield, Corvid Reactor, Psionic Storm, Chitinous Plating, Tunneling Claws, Metabolic Boost, Neosteel Frame, Centrifical Hooks, Durable Materials, Glial Reconstitution, Cloaking Field, Infernal Pre-Igniter  
  22  27:09  Marine  
  22  27:10  Burrow, Muscular Augments x2  
  23  27:22  Supply Depot  
  23  27:24  Gravitic Drive, Hi-Sec Auto Tracking, Behemoth Reactor, Pathogen Glands, Gravitic Boosters, Caduceus Reactor, Graviton Catapult, Moebius Reactor  
  23  27:27  Marine  
  24  27:30  Protoss Air Armor Level 3, Protoss Ground Weapons Level 3, Zerg Missile Weapons Level 3, Terran Infantry Armor Level 3, Protoss Shields Level 3, Terran Ship Armor Level 3, Terran Vehicle Weapons Level 3, Protoss Air Weapons Level 3, Protoss Ground Armor Level 3, Zerg Flyer Armor Level 3, Zerg Flyer Weapons Level 3, Zerg Ground Armor Level 3, Terran Ship Weapons Level 3, Terran Vehicle Armor Level 3, Zerg Melee Weapons Level 3, Terran Infantry Weapons Level 3  
  24  27:32  Factory  
  24  27:38  Pneumatized Carapace, Concussive Shells  
  24  27:45  Marine  
  25  27:51  Protoss Shields Level 2, Protoss Ground Weapons Level 2, Zerg Melee Weapons Level 2, Zerg Flyer Weapons Level 2, Terran Ship Weapons Level 2, Zerg Missile Weapons Level 2, Protoss Air Weapons Level 2, Protoss Ground Armor Level 2, Terran Vehicle Armor Level 2, Protoss Air Armor Level 2, Terran Ship Armor Level 2, Terran Infantry Weapons Level 2, Terran Vehicle Weapons Level 2, Zerg Ground Armor Level 2, Zerg Flyer Armor Level 2, Terran Infantry Armor Level 2  
  25  28:06  Blink, Stimpack  
  25  28:13  Zerg Flyer Weapons Level 1, Zerg Missile Weapons Level 1, Protoss Ground Weapons Level 1, Protoss Air Weapons Level 1, Terran Infantry Armor Level 1, Terran Ship Armor Level 1, Zerg Flyer Armor Level 1, Zerg Melee Weapons Level 1, Protoss Air Armor Level 1, Zerg Ground Armor Level 1, Terran Infantry Weapons Level 1, Terran Vehicle Weapons Level 1, Protoss Ground Armor Level 1, Terran Vehicle Armor Level 1, Protoss Shields Level 1, Terran Ship Weapons Level 1  
  25  28:21  Unknown x5  
  25  28:25  SCV x12  
    28:27  Charge, Weapon Refit, Extended Thermal Lance, Resonating Glaives, Neosteel Armor, Warp Gate  
    28:34  Adrenal Glands, Ventral Sacs  
    28:37  Unknown  
    28:40  SCV, Enduring Locusts  
  13  28:41  Personal Cloaking  
  13  28:48  Neural Parasite, Combat Shield, Corvid Reactor, Psionic Storm, Chitinous Plating, Tunneling Claws, Metabolic Boost, Neosteel Frame, Centrifical Hooks, Durable Materials, Glial Reconstitution, Cloaking Field, Infernal Pre-Igniter  
  13  28:52  SCV  
  14  28:56  Burrow, Muscular Augments x2  
  14  28:58  Supply Depot  
  14  29:04  SCV  
  15  29:10  Gravitic Drive, Hi-Sec Auto Tracking, Behemoth Reactor, Pathogen Glands, Gravitic Boosters, Caduceus Reactor, Graviton Catapult, Moebius Reactor  
  15  29:20  SCV  
  16  29:24  Pneumatized Carapace, Concussive Shells  
  16  29:32  SCV  
  16  29:33  Barracks  
  17  29:44  SCV  
  18  30:00  Command Center  
  18  30:07  Unknown x5  
  18  30:12  SCV x12  
    30:24  Unknown  
    30:26  SCV  
  13  30:38  SCV  
  14  30:45  Supply Depot  
  14  30:50  SCV  
  15  31:07  SCV  
  16  31:19  SCV  
  16  31:20  Barracks  
  17  31:31  SCV  
  18  31:47  Command Center  
  18  31:51  Refinery  
  18  31:54  Protoss Air Armor Level 3, Protoss Ground Weapons Level 3, Zerg Missile Weapons Level 3, Terran Infantry Armor Level 3, Protoss Shields Level 3, Terran Ship Armor Level 3, Terran Vehicle Weapons Level 3, Protoss Air Weapons Level 3, Protoss Ground Armor Level 3, Zerg Flyer Armor Level 3, Zerg Flyer Weapons Level 3, Zerg Ground Armor Level 3, Terran Ship Weapons Level 3, Terran Vehicle Armor Level 3, Zerg Melee Weapons Level 3, Terran Infantry Weapons Level 3  
  18  32:00  Supply Depot  
  18  32:05  SCV  
  18  32:07  Marine  
  20  32:15  Protoss Shields Level 2, Protoss Ground Weapons Level 2, Zerg Melee Weapons Level 2, Zerg Flyer Weapons Level 2, Terran Ship Weapons Level 2, Zerg Missile Weapons Level 2, Protoss Air Weapons Level 2, Protoss Ground Armor Level 2, Terran Vehicle Armor Level 2, Protoss Air Armor Level 2, Terran Ship Armor Level 2, Terran Infantry Weapons Level 2, Terran Vehicle Weapons Level 2, Zerg Ground Armor Level 2, Zerg Flyer Armor Level 2, Terran Infantry Armor Level 2  
  20  32:17  SCV  
  20  32:20  Refinery  
  21  32:30  Blink, Stimpack  
  21  32:34  Marine  
  22  32:37  Zerg Flyer Weapons Level 1, Zerg Missile Weapons Level 1, Protoss Ground Weapons Level 1, Protoss Air Weapons Level 1, Terran Infantry Armor Level 1, Terran Ship Armor Level 1, Zerg Flyer Armor Level 1, Zerg Melee Weapons Level 1, Protoss Air Armor Level 1, Zerg Ground Armor Level 1, Terran Infantry Weapons Level 1, Terran Vehicle Weapons Level 1, Protoss Ground Armor Level 1, Terran Vehicle Armor Level 1, Protoss Shields Level 1, Terran Ship Weapons Level 1  
  22  32:51  Charge, Weapon Refit, Extended Thermal Lance, Resonating Glaives, Neosteel Armor, Warp Gate  
  22  32:52  Marine  
  22  32:58  Adrenal Glands, Ventral Sacs  
  23  33:04  Enduring Locusts  
  23  33:05  Personal Cloaking  
  23  33:09  Factory  
  23  33:12  Neural Parasite, Combat Shield, Corvid Reactor, Psionic Storm, Chitinous Plating, Tunneling Claws, Metabolic Boost, Neosteel Frame, Centrifical Hooks, Durable Materials, Glial Reconstitution, Cloaking Field, Infernal Pre-Igniter  
  23  33:20  Burrow, Muscular Augments x2  
  23  33:34  Gravitic Drive, Hi-Sec Auto Tracking, Behemoth Reactor, Pathogen Glands, Gravitic Boosters, Caduceus Reactor, Graviton Catapult, Moebius Reactor  
  23  33:48  Pneumatized Carapace, Concussive Shells  
  23  33:56  Starport  
  23  34:01  Marine  
  25  34:31  Unknown x5  
  25  34:36  SCV x12  
    34:48  Unknown  
Tags
 
Add a new tag
Caveats
  • Supply blocks, unpowered buildings, or Contaminate may cause inaccurate times.
  • Supply counts are checked every 10 seconds.